 Dungeon Crawl Stone Soup version 0.24-a0-284-g9fb9971 (webtiles) character file.

Game seed: 1575680597749094575

436 suvakkihuora the Ruffian (level 6, -1/51 HPs)
             Began as a Mummy Monk on May 5, 2019.
             Slain by a sky beast (6 damage)
             ... on level 6 of the Dungeon.
             The game lasted 00:15:29 (6414 turns).

suvakkihuora the Ruffian (Mummy Monk)               Turns: 6414, Time: 00:15:30

Health: -1/51      AC:  2    Str: 17    XL:     6   Next: 68%
Magic:  6/6        EV: 13    Int:  9    God:
Gold:   176        SH:  0    Dex: 14    Spells: 5/5 levels left

rFire    x . .     SeeInvis .     - Unarmed
rCold    + . .     Gourm    .   (no shield)
rNeg     + + +     Faith    .   (no armour)
rPois    ∞         Spirit   .   c - +1 helmet
rElec    .         Reflect  .   (no cloak)
rCorr    .         Harm     .   (no gloves)
MR       +....                  (no boots)
Stlth    ++........             (no amulet)
HPRegen  0.17/turn              b - ring of protection from magic
MPRegen  0.10/turn              (no ring)

@: no status effects
A: no food or potions, fire vulnerability, cold resistance 1, negative energy
resistance 3, torment resistance, unbreathing
a: no special abilities


You were on level 6 of the Dungeon.
You were not hungry.

You visited 1 branch of the dungeon, and saw 6 of its levels.
You also visited: Sewer.

You collected 176 gold pieces.

Inventory:

Armour
 c - a +1 helmet (worn)
Jewellery
 b - a ring of protection from magic (left hand)
 g - a +1 ring of evasion {unknown}
Scrolls
 a - 2 scrolls of identify
 d - a scroll of remove curse
 e - a scroll of immolation
 f - a scroll of amnesia


   Skills:
 + Level 5.0 Fighting
 - Level 2.4 Dodging
 - Level 1.5 Stealth
 * Level 5.3 Unarmed Combat


You had 5 spell levels left.
You didn't know any spells.
Your spell library was empty.

Dungeon Overview and Level Annotations

Branches:
Dungeon (6/15)
 Temple: D:4-7

Altars:
Ashenzari
Cheibriados
Xom

Annotations:
D:4 exclusion: 2 ogres


Innate Abilities, Weirdness & Mutations

You do not eat or drink.
Your flesh is vulnerable to fire.
You are immune to poison.
Your flesh is cold resistant. (rC+)
You are immune to negative energy. (rN+++)
You are immune to unholy pain and torment.
You can survive without breathing.


Message History

* * * LOW HITPOINT WARNING * * *
Something shocks you.
* * * LOW HITPOINT WARNING * * *
A sky beast appears from thin air!
Reactivating autopickup.
Unknown command.
The sky beast closely misses you.
You enter the shallow water.
Moving in this stuff is going to be slow.
The sky beast hits you.
* * * LOW HITPOINT WARNING * * *
The sky beast shocks you.
* * * LOW HITPOINT WARNING * * *
A hound comes into view.
The sky beast flickers out of sight!
Deactivating autopickup; reactivate with Ctrl-A.
Something hits you.
* * * LOW HITPOINT WARNING * * *
Something shocks you.
You die...

## .+ ###h# ....
#####.. #...#.#
#.#.#@# #.#.#{#
######.#.#.#.#...
#....#.#.≈≈≈≈≈..#
#..!.#.#.≈###≈###
#....#.##≈# ..
#....#.##≈# ##
#....#.##≈≈
#....#.###.#


You could see a hound (sleeping).

Vanquished Creatures
  A big kobold (Sewer)
  A scorpion (D:4)
  A howler monkey (D:5)
  A bullfrog skeleton (D:4)
  Natasha (twice) (D:3)
  A howler monkey skeleton (D:2)
  6 adders
  3 river rats
  An ooze (D:2)
  An adder skeleton (D:4)
  2 dart slugs
  4 leopard geckos
  8 orcs
  8 giant cockroaches
  5 hobgoblins
  10 jackals
  2 quokkas (D:4)
  8 bats
  10 frilled lizards
  4 goblins
  9 kobolds
  14 rats
102 creatures vanquished.

Vanquished Creatures (others)
  A plant (D:3)
1 creature vanquished.

Grand Total: 103 creatures vanquished

Notes
Turn   | Place    | Note
-------+----------+-------------------------------------------
     0 | D:1      | suvakkihuora the Mummy Monk began the quest for the Orb.
     0 | D:1      | Reached XP level 1. HP: 18/18 MP: 1/1
   553 | D:1      | Reached XP level 2. HP: 12/24 MP: 2/2
  1547 | D:1      | Reached XP level 3. HP: 26/29 MP: 3/3
  2556 | D:3      | Reached XP level 4. HP: 26/37 MP: 4/4
  3909 | D:3      | Noticed Natasha
  3920 | D:3      | Killed Natasha
  3920 | D:3      | Reached XP level 5. HP: 4/42 MP: 5/5
  4335 | D:3      | Found a shimmering altar of Xom.
  4556 | D:3      | Noticed Natasha
  4623 | D:3      | Killed Natasha
  4868 | D:4      | Found a glowing drain.
  4878 | Sewer    | Entered a sewer
  5169 | Sewer    | Reached XP level 6. HP: 11/49 MP: 6/6
  5562 | Sewer    | Found a glowing silver altar of Zin.
  5808 | D:4      | Reached skill level 5 in Unarmed Combat
  6021 | D:3      | You fall through a shaft!
  6157 | D:5      | Entered Level 5 of the Dungeon
  6312 | D:5      | Found a snail-covered altar of Cheibriados.
  6324 | D:5      | Found a shattered altar of Ashenzari.
  6371 | D:5      | Noticed a sky beast
  6374 | D:5      | Reached skill level 5 in Fighting
  6414 | D:6      | Slain by a sky beast

Levels and vault maps discovered:
D:1:      eino_arrival_water_cross, layout_basic, item_on_display_a
D:2:      layout_rooms
D:3:      layout_basic, lemuel_coloured_pillars_altar, serial_forest,
          infiniplex_forest_straight_2, infiniplex_forest_end_1,
          infiniplex_forest_clump_medium, infiniplex_forest_lined_room_3,
          infiniplex_forest_clump_small, infiniplex_forest_lined_room_2,
          infiniplex_forest_lined_2, infiniplex_forest_lined_corner,
          uniq_natasha
D:4:      layout_basic, portal_sewer_entry_a, first_ration,
          minmay_fractal_squares_diagonal_5
D:5:      layout_basic, overflow_temple_1_default, grunt_temple_overflow_open,
          minmay_temple_entry_antechambers, trog_three_pillars_becter,
          uniq_pikel, uniq_duvessa
D:6:      layout_basic, overflow_temple_1_default, marbit_many_paths,
          fedhas_ov_isle_minmay, kennysheep_mini_moat, serial_shops, shop

Skill      XL: |  1  2  3  4  5  6 |
---------------+-------------------+-----
Unarmed Combat | 3 4 5 |  5.3
Fighting       | 4 5 |  5.0
Dodging        | |  2.4
Stealth        | |  1.5

Action                   |  1- 3 |  4- 6 || total
-------------------------+-------+-------++-------
Melee: Unarmed           |   196 |   263 ||   459
       Punch             |     1 |    11 ||    12
  Use: Scroll            |     3 |     3 ||     6
 Stab: Sleeping          |     2 |     3 ||     5
Armor: Skin              |    19 |    31 ||    50
Dodge: Dodged            |   118 |   206 ||   324

Table legend:
 A = Non-vault XP
 B = Vault XP
 C = Vault XP percentage of total XP
 D = Non-vault monster count
 E = Vault monster count
 F = Vault count percentage of total count
                 A         B        C        D         E       F
            +---------+---------+-------+---------+---------+-------
      Total |     421 |     202 |  32.4 |      80 |      22 |  21.6
            +---------+---------+-------+---------+---------+-------
        D:1 |      46 |       0 |   0.0 |      28 |       0 |   0.0
        D:2 |      72 |       0 |   0.0 |      18 |       0 |   0.0
        D:3 |     110 |      35 |  24.1 |      25 |       1 |   3.8
        D:4 |     138 |      42 |  23.3 |       8 |      11 |  57.9
        D:5 |      55 |       0 |   0.0 |       1 |       0 |   0.0
      Sewer |       0 |     125 | 100.0 |       0 |      10 | 100.0
            +---------+---------+-------+---------+---------+-------
